Comets vs Wolf Pack

Created - 3 novembre 2023 at 19:52

Goals
1 2 3 T
Comets 0 3 0 3
Wolf Pack 0 2 2 4
Shots
1 2 3 T
Comets 0 11 2 13
Wolf Pack 3 6 3 12

GoalsPenalties
1st period
No Goal
No Penalty
2nd period
1. Comets , Leon Gawanke 1 (Connor McMichael 10, Juuso Parssinen 8) at 5:19 (PP)
2. Comets , Adam Beckman 6 (Samuel Fagemo 3) at 5:49
3. Wolf Pack , Zac Jones 1 (Kirill Marchenko 17) at 8:48
4. Wolf Pack , Mark Friedman 5 (Logan Brown 21, Logan Hutsko 10) at 12:07
5. Comets , Juuso Parssinen 16 (Leon Gawanke 4, Jake Neighbours 13) at 13:33 (PP)
Henry Bowlby (NYR) for Holding (Minor) at 5:13
Dominik Shine (NYR) for Diving (Minor) at 13:07
Dominik Shine (NYR) for Roughing (Minor) at 17:35
3rd period
6. Wolf Pack , Kirill Marchenko 22 (Thomas Harley 1) at 0:11
7. Wolf Pack , Mark Friedman 6 (Kirill Marchenko 18, Logan Brown 22) at 0:27 (PP)
Tyler Tucker (NJD) for Hooking (Minor) at 0:19
Mark Friedman (NYR) for Fighting (Major) at 0:38
Leon Gawanke (NJD) for Fighting (Major) at 0:38
Goalie Stats
Filip Lindberg (NJD), 8 saves from 12 shots - (0,667), L, 8-17-7, 59:00 minutes
Alex Lyon (NYR), 10 saves from 13 shots - (0,769), W, 11-4-4, 60:00 minutes
3 StarsOfficial
1 - Kirill Marchenko (NYR)
2 - Logan Brown (NYR)
3 - Juuso Parssinen (NJD)
Referees : Maria Furberg and Reid Anderson
Linesman : Julien Fournier and Kilian McNamara
Game Note
Leon Gawanke beats up Mark Friedman at 0:38 of 3rd period



Team Name Goals Shots Shots Attemp Shots Blocked PIM HIT PP PK FO%
Comets 3133047182 / 3 (67%)153%
Wolf Pack 41225311241 / 1 (100%)247%

Comets
Player Name POS G A P +/- PIM HIT SHT SB MP PP MP PP SHT PK MP PK SHT FO% FOT GA TA
Adam BeckmanLW1011001019:320:4600:0000% 000
Brady LyleD0000000014:290:3300:0000% 000
Connor McMichaelC/LW011-2002023:201:2010:08060% 2010
Cooper ZechD0000000010:160:3300:0000% 000
Fabian LysellRW000001008:550:1300:0000% 000
Jake NeighboursLW011-1011019:191:2500:0000% 000
Justin SourdifC000000000:210:0000:0000% 000
Juuso ParssinenC112-1042024:041:3510:08080% 500
Leon GawankeD112-2513226:211:5820:0800% 013
Lukas CormierD0000010020:430:0000:0800% 010
Marian StudenicLW/RW000-3032021:460:4600:0000% 201
Otto KoivulaC/LW/RW0000000016:500:4200:0000% 400
Peter DiLiberatoreD0000000119:190:0000:0000% 001
Samuel FagemoLW/RW0111000020:460:3100:000100% 100
Samuel HeleniusC000001006:240:0000:0000% 100
Tyler TuckerD000-2242128:021:5800:0000% 020
Victor BerglundD000000002:210:0000:0000% 000
Zayde WisdomC000-1020017:020:1500:00067% 300
Wolf Pack
Player Name POS G A P +/- PIM HIT SHT SB MP PP MP PP SHT PK MP PK SHT FO% FOT GA TA
Adam ClendeningD0001040017:050:0801:2400% 000
Brian PinhoC/RW0001020017:220:0000:090100% 200
Dominik ShineRW0000401016:530:0000:000100% 200
Dysin MayoD0000000015:480:0001:0700% 010
Henry BowlbyC0000201017:540:0000:36020% 511
Jared McIsaacD0001010118:190:0000:0000% 000
Jon LizotteD000000003:100:0000:0000% 000
Kirill MarchenkoRW1231022122:000:0800:0000% 010
Logan BrownC/LW0222032022:080:0811:340100% 100
Logan HutskoC0110020017:240:0000:29067% 600
Lucas EdmondsLW/RW0000011018:270:0000:3600% 010
Mark FriedmanD2021523024:130:0811:2400% 000
Mason MorelliLW0001020116:440:0000:1000% 001
Oskar BackC/RW0001010023:030:0801:28035% 2001
Oskari LaaksonenD000000001:060:0000:0000% 000
Patrick HolwayD000000000:220:0000:0000% 000
Thomas HarleyD0110041025:080:0000:0000% 012
Zac JonesD1011001020:190:0001:0700% 000

Comets

5 vs 5 Forward
Line #Left WingCenterRight WingPHYDFOFWanted %Time %Time Play
1Jake NeighboursJuuso ParssinenConnor McMichael0233027%15:05
2Juuso ParssinenConnor McMichaelMarian Studenic0232829%16:07
3Adam BeckmanJuuso ParssinenSamuel Fagemo0232829%16:00
4Zayde WisdomConnor McMichaelJuuso Parssinen0231416%8:56
5 vs 5 Defense
Line #DefenseDefensePHYDFOFWanted %Time %Time Play
1Tyler TuckerLeon Gawanke0324034%19:01
2Tyler TuckerLeon Gawanke0323024%13:34
3Lukas CormierPeter DiLiberatore0323035%19:51
4Lukas CormierLeon Gawanke12207%3:42
Power Play Forward
Line #Left WingCenterRight WingPHYDFOFWanted %Time %Time Play
1Juuso ParssinenConnor McMichaelJake Neighbours0145046%1:09
2Jake NeighboursConnor McMichaelJuuso Parssinen0145054%1:22
Power Play Defense
Line #DefenseDefensePHYDFOFWanted %Time %Time Play
1Tyler TuckerLeon Gawanke0235049%1:14
2Leon GawankeTyler Tucker0235051%1:17
Penalty Kill 4 Players Forward
Line #CenterWingPHYDFOFWanted %Time %Time Play
1Connor McMichaelJuuso Parssinen04150100%0:08
2Connor McMichaelJake Neighbours041500%0:00
Penalty Kill 4 Players Defense
Line #DefenseDefensePHYDFOFWanted %Time %Time Play
1Tyler TuckerLeon Gawanke04150100%0:08
2Leon GawankeLukas Cormier041500%0:00
Penalty Kill 3 Players
Line #WingPHYDFOFWanted %Time %Time PlayDefenseDefensePHYDFOFWanted %Time %Time Play
1Connor McMichael041500%0:00 Tyler TuckerLeon Gawanke041500%0:00
2Connor McMichael041500%0:00 Leon GawankePeter DiLiberatore041500%0:00
4 vs 4 Forward
Line #CenterWingPHYDFOFWanted %Time %Time Play
1Connor McMichaelJuuso Parssinen023500%0:00
2Connor McMichaelJuuso Parssinen023500%0:00
4 vs 4 Defense
Line #DefensePHYDFOFWanted %Time %Time Play
1Lukas CormierLeon Gawanke023500%0:00
2Lukas CormierLeon Gawanke023500%0:00
Last Minutes Offensive
Left WingCenterRight WingDefenseDefense
Jake NeighboursJuuso ParssinenConnor McMichaelTyler TuckerLeon Gawanke
Last Minutes Defensive
Left WingCenterRight WingDefenseDefense
Jake NeighboursJuuso ParssinenConnor McMichaelTyler TuckerLeon Gawanke
Time
Total ForwardTotal DefenseLast Minutes OffensiveLast Minutes Defensive
60:00 60:00 1:130:00
Extra Forwards
Normal PowerPlayPenalty Kill
Connor McMichael, Marian Studenic, Samuel FagemoAdam Beckman, Connor McMichaelConnor McMichael
Extra Defensemen
Normal PowerPlayPenalty Kill
Leon Gawanke, Lukas Cormier, Tyler TuckerLeon Gawanke, Lukas CormierLeon Gawanke
Penalty Shots
Marian Studenic, Adam Beckman, Samuel Fagemo, Connor McMichael, Juuso Parssinen
Goalie
Filip Lindberg, Trent Miner
Scratches
Ben Jones (Healthy), Riley Sutter (Healthy), Calen Addison (Right Knee Injury), Adam Raska (Healthy), Filip Kral (Healthy) Brock Faber (Healthy), Kim Nousiainen (Healthy), Rory Kerins (Healthy)

Wolf Pack

5 vs 5 Forward
Line #Left WingCenterRight WingPHYDFOFWanted %Time %Time Play
1Logan BrownOskar BackKirill Marchenko1224022%12:23
2Lucas EdmondsHenry BowlbyOskar Back1223032%18:11
3Kirill MarchenkoLogan HutskoDominik Shine1222025%14:10
4Logan BrownBrian PinhoMason Morelli1221020%11:25
5 vs 5 Defense
Line #DefenseDefensePHYDFOFWanted %Time %Time Play
1Mark FriedmanThomas Harley1224032%18:04
2Dysin MayoThomas Harley1223020%11:16
3Jared McIsaacZac Jones1222030%16:41
4Adam ClendeningMark Friedman1221018%10:08
Power Play Forward
Line #Left WingCenterRight WingPHYDFOFWanted %Time %Time Play
1Logan BrownOskar BackKirill Marchenko12260100%0:08
2Lucas EdmondsHenry BowlbyOskar Back122400%0:00
Power Play Defense
Line #DefenseDefensePHYDFOFWanted %Time %Time Play
1Mark FriedmanAdam Clendening12260100%0:08
2Dysin MayoZac Jones122400%0:00
Penalty Kill 4 Players Forward
Line #CenterWingPHYDFOFWanted %Time %Time Play
1Oskar BackLogan Brown1226076%1:55
2Henry BowlbyLucas Edmonds1224024%0:36
Penalty Kill 4 Players Defense
Line #DefenseDefensePHYDFOFWanted %Time %Time Play
1Mark FriedmanAdam Clendening1226056%1:24
2Dysin MayoZac Jones1224044%1:07
Penalty Kill 3 Players
Line #WingPHYDFOFWanted %Time %Time PlayDefenseDefensePHYDFOFWanted %Time %Time Play
1Oskar Back122600%0:00 Mark FriedmanAdam Clendening122600%0:00
2Henry Bowlby122400%0:00 Dysin MayoZac Jones122400%0:00
4 vs 4 Forward
Line #CenterWingPHYDFOFWanted %Time %Time Play
1Oskar BackLogan Brown122600%0:00
2Henry BowlbyLucas Edmonds122400%0:00
4 vs 4 Defense
Line #DefensePHYDFOFWanted %Time %Time Play
1Mark FriedmanAdam Clendening122600%0:00
2Dysin MayoZac Jones122400%0:00
Last Minutes Offensive
Left WingCenterRight WingDefenseDefense
Logan BrownOskar BackKirill MarchenkoMark FriedmanThomas Harley
Last Minutes Defensive
Left WingCenterRight WingDefenseDefense
Logan BrownOskar BackKirill MarchenkoMark FriedmanThomas Harley
Time
Total ForwardTotal DefenseLast Minutes OffensiveLast Minutes Defensive
60:00 60:00 0:001:12
Extra Forwards
Normal PowerPlayPenalty Kill
Logan Hutsko, Lucas Edmonds, Dominik ShineLogan Hutsko, Lucas EdmondsLogan Hutsko
Extra Defensemen
Normal PowerPlayPenalty Kill
Zac Jones, Jared McIsaac, Mark FriedmanZac Jones, Mark FriedmanJared McIsaac
Penalty Shots
Kirill Marchenko, Logan Brown, Oskar Back, Henry Bowlby, Logan Hutsko
Goalie
Alex Lyon, Spencer Martin
Scratches
Donovan Sebrango (Healthy), Taylor Ward (Healthy), Viktor Lodin (Healthy), Daniil Chayka (Healthy), Jami Krannila (Healthy) Jayden Struble (Healthy), Lukas Svejkovsky (Healthy), Mason Lohrei (Healthy), Michael Milne (Healthy), Oskar Olausson (Healthy) Raivis Ansons (Healthy), Ryder Korczak (Healthy), Isaac Poulter (Healthy)


Play-by-Play

1st period


0:01 of 1st period - Juuso Parssinen wins face-off versus Oskar Back in neutral zone.
1:31 of 1st period - Icing by Samuel Fagemo.
1:32 of 1st period - Logan Hutsko wins face-off versus Otto Koivula in Comets zone.
2:06 of 1st period - Slapshot by Brian Pinho.
2:06 of 1st period - Shot Misses the Net.
2:08 of 1st period - Slapshot by Dysin Mayo.
2:08 of 1st period - Shot Blocked by Leon Gawanke.
3:45 of 1st period - Dominik Shine is hit by Zayde Wisdom and loses puck.
4:38 of 1st period - Mark Friedman is hit by Zayde Wisdom and loses puck.
5:03 of 1st period - Jared McIsaac is hit by Juuso Parssinen and loses puck.
6:01 of 1st period - Icing by Adam Beckman.
6:02 of 1st period - Brian Pinho wins face-off versus Marian Studenic in Comets zone.
6:21 of 1st period - Logan Hutsko is hit by Juuso Parssinen and loses puck.
8:35 of 1st period - Icing by Brady Lyle.
8:36 of 1st period - Henry Bowlby wins face-off versus Samuel Helenius in Comets zone.
9:01 of 1st period - Icing by Mark Friedman.
9:02 of 1st period - Dominik Shine wins face-off versus Juuso Parssinen in Wolf Pack zone.
9:59 of 1st period - Snap shot by Dominik Shine.
9:59 of 1st period - Stopped by Filip Lindberg with a rebound.
12:44 of 1st period - Icing by Lucas Edmonds.
12:45 of 1st period - Logan Hutsko wins face-off versus Otto Koivula in Wolf Pack zone.
13:22 of 1st period - Icing by Henry Bowlby.
13:23 of 1st period - Connor McMichael wins face-off versus Henry Bowlby in Wolf Pack zone.
14:03 of 1st period - Off-side.
14:04 of 1st period - Logan Hutsko wins face-off versus Otto Koivula in neutral zone.
14:31 of 1st period - Backhand shot by Logan Brown.
14:31 of 1st period - Stopped by Filip Lindberg with a rebound.
15:21 of 1st period - Icing by Leon Gawanke.
15:22 of 1st period - Oskar Back wins face-off versus Otto Koivula in Comets zone.
15:33 of 1st period - Wrist shot by Lucas Edmonds.
15:33 of 1st period - Stopped by Filip Lindberg with a rebound.
15:45 of 1st period - Marian Studenic is hit by Mason Morelli.
16:27 of 1st period - Oskar Back is hit by Tyler Tucker and loses puck.
17:51 of 1st period - Henry Bowlby is hit by Tyler Tucker and loses puck.
Goals for this period are 0 for Comets vs 0 for Wolf Pack.
Shots for this period are 0 for Comets vs 3 for Wolf Pack.

2nd period


0:01 of 2nd period - Connor McMichael wins face-off versus Oskar Back in neutral zone.
0:13 of 2nd period - Slapshot by Marian Studenic.
0:13 of 2nd period - Shot Misses the Net.
0:25 of 2nd period - Adam Beckman is hit by Logan Hutsko and loses puck.
1:33 of 2nd period - Icing by Jake Neighbours.
1:34 of 2nd period - Samuel Fagemo wins face-off versus Henry Bowlby in Comets zone.
1:44 of 2nd period - Off-side.
1:45 of 2nd period - Juuso Parssinen wins face-off versus Oskar Back in neutral zone.
2:21 of 2nd period - Marian Studenic is hit by Thomas Harley and loses puck.
2:28 of 2nd period - Wrist shot by Logan Brown.
2:28 of 2nd period - Shot Misses the Net.
3:31 of 2nd period - Adam Beckman is hit by Adam Clendening and loses puck.
3:50 of 2nd period - Zayde Wisdom is hit by Logan Brown and loses puck.
4:58 of 2nd period - Brady Lyle is hit by Mark Friedman and loses puck.
5:13 of 2nd period - Minor Penalty to Henry Bowlby for Holding.
5:14 of 2nd period - Connor McMichael wins face-off versus Oskar Back in Wolf Pack zone.
5:17 of 2nd period - Snap shot by Connor McMichael.
5:17 of 2nd period - Shot Misses the Net.
5:19 of 2nd period - Slapshot by Leon Gawanke.
5:19 of 2nd period - Goal by Leon Gawanke - Comets : 1 - Wolf Pack : 0.
5:20 of 2nd period - Connor McMichael wins face-off versus Oskar Back in neutral zone.
5:35 of 2nd period - Slapshot by Thomas Harley.
5:35 of 2nd period - Stopped by Filip Lindberg with a rebound.
5:45 of 2nd period - Oskar Back is hit by Tyler Tucker.
5:49 of 2nd period - Snap shot by Adam Beckman.
5:49 of 2nd period - Goal by Adam Beckman - Comets : 2 - Wolf Pack : 0.
5:50 of 2nd period - Connor McMichael wins face-off versus Oskar Back in neutral zone.
6:03 of 2nd period - Wrist shot by Connor McMichael.
6:03 of 2nd period - Stopped by Alex Lyon with a rebound.
6:34 of 2nd period - Snap shot by Logan Brown.
6:34 of 2nd period - Shot Blocked by Peter DiLiberatore.
6:40 of 2nd period - Jared McIsaac is hit by Juuso Parssinen and loses puck.
6:45 of 2nd period - Snap shot by Juuso Parssinen.
6:45 of 2nd period - Shot Misses the Net.
6:47 of 2nd period - Snap shot by Juuso Parssinen.
6:47 of 2nd period - Stopped by Alex Lyon with a rebound.
6:49 of 2nd period - Snap shot by Juuso Parssinen.
6:49 of 2nd period - Shot Misses the Net.
6:51 of 2nd period - Snap shot by Adam Beckman.
6:51 of 2nd period - Shot Misses the Net.
6:53 of 2nd period - Slapshot by Leon Gawanke.
6:53 of 2nd period - Stopped by Alex Lyon with a rebound.
6:55 of 2nd period - Snap shot by Juuso Parssinen.
6:55 of 2nd period - Deflect By Adam Beckman.
6:55 of 2nd period - Shot Blocked by Jared McIsaac.
6:55 of 2nd period - Puck is out of play.
6:56 of 2nd period - Dominik Shine wins face-off versus Connor McMichael in Wolf Pack zone.
7:32 of 2nd period - Snap shot by Mark Friedman.
7:32 of 2nd period - Stopped by Filip Lindberg with a rebound.
8:02 of 2nd period - Snap shot by Adam Beckman.
8:02 of 2nd period - Shot Misses the Net.
8:07 of 2nd period - Icing by Jared McIsaac.
8:08 of 2nd period - Zayde Wisdom wins face-off versus Logan Hutsko in Wolf Pack zone.
8:31 of 2nd period - Logan Brown is hit by Tyler Tucker and loses puck.
8:48 of 2nd period - Slapshot by Zac Jones.
8:48 of 2nd period - Goal by Zac Jones - Comets : 2 - Wolf Pack : 1.
8:49 of 2nd period - Connor McMichael wins face-off versus Oskar Back in neutral zone.
8:55 of 2nd period - Snap shot by Marian Studenic.
8:55 of 2nd period - Stopped by Alex Lyon with a rebound.
8:57 of 2nd period - Backhand shot by Marian Studenic.
8:57 of 2nd period - Stopped by Alex Lyon with a rebound.
8:59 of 2nd period - Slapshot by Tyler Tucker.
8:59 of 2nd period - Stopped by Alex Lyon without a rebound.
9:00 of 2nd period - Connor McMichael wins face-off versus Oskar Back in Wolf Pack zone.
9:11 of 2nd period - Connor McMichael is hit by Mark Friedman and loses puck.
10:12 of 2nd period - Snap shot by Henry Bowlby.
10:12 of 2nd period - Stopped by Filip Lindberg with a rebound.
11:45 of 2nd period - Icing by Brian Pinho.
11:46 of 2nd period - Juuso Parssinen wins face-off versus Henry Bowlby in Wolf Pack zone.
12:07 of 2nd period - Slapshot by Mark Friedman.
12:07 of 2nd period - Goal by Mark Friedman - Comets : 2 - Wolf Pack : 2.
12:08 of 2nd period - Connor McMichael wins face-off versus Oskar Back in neutral zone.
12:11 of 2nd period - Snap shot by Connor McMichael.
12:11 of 2nd period - Shot Blocked by Kirill Marchenko.
12:19 of 2nd period - Slapshot by Thomas Harley.
12:19 of 2nd period - Shot Misses the Net.
12:21 of 2nd period - Wrist shot by Logan Brown.
12:21 of 2nd period - Shot Misses the Net.
12:23 of 2nd period - Backhand shot by Oskar Back.
12:23 of 2nd period - Shot Blocked by Leon Gawanke.
12:46 of 2nd period - Wrist shot by Kirill Marchenko.
12:46 of 2nd period - Stopped by Filip Lindberg without a rebound.
12:47 of 2nd period - Connor McMichael wins face-off versus Logan Hutsko in Comets zone.
12:47 of 2nd period - Connor McMichael is hit by Thomas Harley.
13:07 of 2nd period - Minor Penalty to Dominik Shine for Diving.
13:08 of 2nd period - Connor McMichael wins face-off versus Oskar Back in Wolf Pack zone.
13:17 of 2nd period - Wrist shot by Connor McMichael.
13:17 of 2nd period - Deflect By Juuso Parssinen.
13:17 of 2nd period - Shot Misses the Net.
13:17 of 2nd period - Puck is out of play.
13:18 of 2nd period - Connor McMichael wins face-off versus Oskar Back in Wolf Pack zone.
13:25 of 2nd period - Wrist shot by Connor McMichael.
13:25 of 2nd period - Stopped by Alex Lyon with a rebound.
13:27 of 2nd period - Snap shot by Jake Neighbours.
13:27 of 2nd period - Shot Misses the Net.
13:29 of 2nd period - Slapshot by Leon Gawanke.
13:29 of 2nd period - Stopped by Alex Lyon with a rebound.
13:31 of 2nd period - Snap shot by Juuso Parssinen.
13:31 of 2nd period - Shot Misses the Net.
13:33 of 2nd period - Slapshot by Juuso Parssinen.
13:33 of 2nd period - Goal by Juuso Parssinen - Comets : 3 - Wolf Pack : 2.
13:34 of 2nd period - Logan Brown wins face-off versus Connor McMichael in neutral zone.
13:37 of 2nd period - Tyler Tucker is hit by Kirill Marchenko and loses puck.
13:59 of 2nd period - Leon Gawanke is hit by Thomas Harley and loses puck.
14:04 of 2nd period - Snap shot by Henry Bowlby.
14:04 of 2nd period - Shot Misses the Net.
14:26 of 2nd period - Samuel Fagemo is hit by Brian Pinho and loses puck.
14:31 of 2nd period - Snap shot by Logan Brown.
14:31 of 2nd period - Shot Misses the Net.
15:10 of 2nd period - Otto Koivula is hit by Logan Brown and loses puck.
16:21 of 2nd period - Lukas Cormier is hit by Brian Pinho and loses puck.
16:32 of 2nd period - Lukas Cormier is hit by Oskar Back and loses puck.
17:35 of 2nd period - Minor Penalty to Dominik Shine for Roughing.
17:36 of 2nd period - Oskar Back wins face-off versus Connor McMichael in Wolf Pack zone.
18:40 of 2nd period - Logan Hutsko is hit by Marian Studenic and loses puck.
19:23 of 2nd period - Off-side.
19:24 of 2nd period - Zayde Wisdom wins face-off versus Henry Bowlby in neutral zone.
19:35 of 2nd period - Penalty to Dominik Shine is over, Dominik Shine is back on ice.
Goals for this period are 3 for Comets vs 2 for Wolf Pack.
Shots for this period are 11 for Comets vs 6 for Wolf Pack.

3rd period


0:01 of 3rd period - Oskar Back wins face-off versus Connor McMichael in neutral zone.
0:11 of 3rd period - Slapshot by Kirill Marchenko.
0:11 of 3rd period - Goal by Kirill Marchenko - Comets : 3 - Wolf Pack : 3.
0:12 of 3rd period - Oskar Back wins face-off versus Connor McMichael in neutral zone.
0:16 of 3rd period - Mark Friedman is hit by Leon Gawanke and loses puck.
0:19 of 3rd period - Minor Penalty to Tyler Tucker for Hooking.
0:20 of 3rd period - Oskar Back wins face-off versus Connor McMichael in Comets zone.
0:23 of 3rd period - Snap shot by Logan Brown.
0:23 of 3rd period - Stopped by Filip Lindberg with a rebound.
0:25 of 3rd period - Snap shot by Kirill Marchenko.
0:25 of 3rd period - Shot Misses the Net.
0:27 of 3rd period - Slapshot by Mark Friedman.
0:27 of 3rd period - Goal by Mark Friedman - Comets : 3 - Wolf Pack : 4.
0:28 of 3rd period - Oskar Back wins face-off versus Connor McMichael in neutral zone.
0:28 of 3rd period - Kirill Marchenko is hit by Juuso Parssinen and loses puck.
0:38 of 3rd period - Leon Gawanke beats up Mark Friedman.
0:38 of 3rd period - Penalty to Mark Friedman for Fighting.
0:38 of 3rd period - Penalty to Leon Gawanke for Fighting.
0:39 of 3rd period - Oskar Back wins face-off versus Connor McMichael in Comets zone.
0:40 of 3rd period - Snap shot by Kirill Marchenko.
0:40 of 3rd period - Deflect By Logan Brown.
0:40 of 3rd period - Shot Misses the Net.
0:40 of 3rd period - Puck is out of play.
0:41 of 3rd period - Connor McMichael wins face-off versus Oskar Back in Comets zone.
0:55 of 3rd period - Off-side.
0:56 of 3rd period - Juuso Parssinen wins face-off versus Oskar Back in neutral zone.
1:04 of 3rd period - Lukas Cormier is hit by Thomas Harley and loses puck.
1:23 of 3rd period - Oskar Back is hit by Lukas Cormier and loses puck.
1:32 of 3rd period - Tyler Tucker is hit by Lucas Edmonds and loses puck.
1:43 of 3rd period - Dominik Shine is hit by Marian Studenic and loses puck.
2:14 of 3rd period - Cooper Zech is hit by Adam Clendening and loses puck.
2:52 of 3rd period - Marian Studenic is hit by Logan Brown.
3:08 of 3rd period - Connor McMichael is hit by Logan Hutsko and loses puck.
5:25 of 3rd period - Henry Bowlby is hit by Samuel Helenius and loses puck.
6:22 of 3rd period - Marian Studenic is hit by Mason Morelli and loses puck.
8:53 of 3rd period - Leon Gawanke is hit by Kirill Marchenko.
10:08 of 3rd period - Zayde Wisdom is hit by Adam Clendening and loses puck.
12:42 of 3rd period - Dysin Mayo is hit by Fabian Lysell and loses puck.
14:14 of 3rd period - Icing by Tyler Tucker.
14:15 of 3rd period - Logan Hutsko wins face-off versus Marian Studenic in Comets zone.
15:33 of 3rd period - Logan Hutsko is hit by Jake Neighbours and loses puck.
17:16 of 3rd period - Dominik Shine is hit by Marian Studenic and loses puck.
18:54 of 3rd period - Snap shot by Connor McMichael.
18:54 of 3rd period - Shot Misses the Net.
18:56 of 3rd period - Slapshot by Zayde Wisdom.
18:56 of 3rd period - Shot Misses the Net.
18:58 of 3rd period - Snap shot by Leon Gawanke.
18:58 of 3rd period - Shot Misses the Net.
19:00 of 3rd period - Comets, Filip Lindberg is pulled from the net.
19:00 of 3rd period - Snap shot by Tyler Tucker.
19:00 of 3rd period - Stopped by Alex Lyon with a rebound.
19:02 of 3rd period - Slapshot by Samuel Fagemo.
19:02 of 3rd period - Shot Blocked by Mason Morelli.
19:04 of 3rd period - Snap shot by Jake Neighbours.
19:04 of 3rd period - Shot Misses the Net.
19:06 of 3rd period - Backhand shot by Leon Gawanke.
19:06 of 3rd period - Shot Misses the Net.
19:08 of 3rd period - Wrist shot by Leon Gawanke.
19:08 of 3rd period - Deflect By Jake Neighbours.
19:08 of 3rd period - Stopped by Alex Lyon with a rebound.
19:20 of 3rd period - Tyler Tucker is hit by Jared McIsaac and loses puck.
19:27 of 3rd period - Snap shot by Adam Clendening.
19:27 of 3rd period - Shot Blocked by Tyler Tucker.
19:33 of 3rd period - Jake Neighbours is hit by Adam Clendening and loses puck.
19:39 of 3rd period - Off-side.
19:40 of 3rd period - Benoit Groulx call a timeout for Comets.
19:40 of 3rd period - Brian Pinho wins face-off versus Zayde Wisdom in neutral zone.
19:47 of 3rd period - Snap shot by Thomas Harley.
19:47 of 3rd period - Shot Misses the Net.
Goals for this period are 0 for Comets vs 2 for Wolf Pack.
Shots for this period are 2 for Comets vs 3 for Wolf Pack.